Login

Warheads vs Fletushkas

Created - February 25, 2024 at 11:56

Goals
1 2 3 T
Warheads 0 1 0 1
Fletushkas 0 2 2 4
Shots
1 2 3 T
Warheads 11 14 10 35
Fletushkas 4 9 9 22

GoalsPenalties
1st period
No Goal
Mattias Samuelsson (FLE) for Interference (Minor) at 8:51
2nd period
1. Fletushkas , Brock Nelson 10 (Valeri Nichushkin 22) at 5:17
2. Warheads , Lukas Reichel 11 (Damon Severson 4, Nicolas Roy 19) at 5:23
3. Fletushkas , Valeri Nichushkin 20 (Brett Pesce 15) at 16:35 (PP)
Lukas Reichel (WAR) for Boarding (Minor) at 16:04
Sergei Bobrovsky (FLE) for Slashing (Minor) at 17:57 - Joel Farabee served the penalty.
3rd period
4. Fletushkas , K'Andre Miller 6 (Tyler Bertuzzi 16, Auston Matthews 25) at 11:36
5. Fletushkas , Valeri Nichushkin 21 (Brock Nelson 9, Nino Niederreiter 7) at 14:16
K'Andre Miller (FLE) for Holding (Minor) at 19:36
Goalie Stats
Logan Thompson (WAR), 18 saves from 22 shots - (0.818), L, 21-23-4, 60:00 minutes
Sergei Bobrovsky (FLE), 34 saves from 35 shots - (0.971), W, 16-13-7, 60:00 minutes
3 StarsOfficial
1 - Valeri Nichushkin (FLE)
2 - Sergei Bobrovsky (FLE)
3 - Brock Nelson (FLE)
Referees : Unknown
Linesman : Unknown
Game Note
No Game Note
Finance
Level 1 -- Attendance: 4635 (77.25%) -- Ticket Income $463,500
Level 2 -- Attendance: 3677 (73.54%) -- Ticket Income $220,620
Level 3 -- Attendance: 1486 (74.30%) -- Ticket Income $52,010
Level 4 -- Attendance: 3152 (78.80%) -- Ticket Income $78,800
Luxury Box -- Attendance: 974 (97.40%) -- Ticket Income $194,800
Game was played at the Arena Kombetare.
Total Attendance: 13924 (77.36%)
Total Ticket Income: $1,009,730
Other Income: $403,892
Total Income: $1,413,622



Team Name Goals Shots Shots Attemp Shots Blocked PIM HIT PP PK FO%
Warheads 1356482170 / 3 (0%)156%
Fletushkas 4224686181 / 1 (100%)044%

Warheads
Player Name POS G A P +/- PIM HIT SHT SB MP PP MP PP SHT PK MP PK SHT FO% FOT
Andrew CoppC/LW/RW000-100107:410:0000:0000% 0
Brock KnuckledunkerC/LW0000024117:062:4110:31060% 15
Cam FowlerD000-3010120:111:3500:1400% 0
Damon SeversonD011100006:000:0000:0000% 0
Ilya MikheyevLW/RW0000002016:270:0000:0000% 1
Jack McBainC/LW0000022215:461:5200:00050% 2
Jacob MiddletonD0000010116:442:4600:1700% 0
Jake WalmanD0000002017:050:0000:0000% 0
Jeff CarterC/RW000-101007:170:0000:00063% 8
Jeremy LauzonD0001020122:442:4600:1700% 0
John MarinoD000-3022220:111:3500:1400% 0
Lawson CrouseLW/RW000-1014019:101:4000:000100% 1
Lucas RaymondRW000-1011019:101:4000:0000% 1
Lukas ReichelLW/RW1010203016:510:4900:0000% 1
Mitchell MarnerRW000-1014024:232:4100:31025% 4
Nicolas RoyC/LW/RW0110038016:270:0000:00071% 14
Robert ThomasC/RW000-1002019:101:4010:00050% 16
Timothy LiljegrenD0000000017:050:0000:0000% 0
Fletushkas
Player Name POS G A P +/- PIM HIT SHT SB MP PP MP PP SHT PK MP PK SHT FO% FOT
Adam PelechD0000001416:120:0002:0600% 0
Auston MatthewsC0110034015:170:3100:00035% 17
Braden SchneiderD000000007:550:0001:3500% 0
Brent BurnsD0000021117:430:0000:0000% 0
Brett PesceD0110000120:200:3102:0600% 0
Brock NelsonC1122003017:220:0001:04038% 13
Harry PolsmokrC/RW0000011019:170:3101:57047% 17
Joel FarabeeLW/RW000001007:150:0000:0000% 0
Jordan StaalC000000008:350:0001:20071% 7
K'Andre MillerD1010211222:480:3101:5200% 0
Mattias SamuelssonD0002230017:370:0000:3900% 0
Nino NiederreiterLW/RW0112002016:180:0000:000100% 2
Noel AcciariC/LW/RW0000031018:490:0002:000100% 1
Owen TippettLW/RW0000030014:460:0000:0000% 1
Patrick KaneRW0000001017:110:0000:0000% 2
Tyler BertuzziLW/RW0110002022:030:0000:2400% 1
Valeri NichushkinLW/RW2132015018:460:3111:57050% 2
Zachary WerenskiD0002000017:230:0000:2400% 0

Warheads

5 vs 5 Forward
Line #Left WingCenterRight WingPHYDFOFWanted %Time %Time Play
1Jack McBainBrock KnuckledunkerMitchell Marner1223025%13:54
2Lawson CrouseRobert ThomasLucas Raymond1222832%17:30
3Lukas ReichelNicolas RoyIlya Mikheyev1222630%16:27
4Andrew CoppJeff CarterMitchell Marner1221613%7:17
5 vs 5 Defense
Line #DefenseDefensePHYDFOFWanted %Time %Time Play
1Jeremy LauzonJacob Middleton1223025%13:41
2John MarinoCam Fowler1222833%18:22
3Jake WalmanTimothy Liljegren1222631%17:05
4Damon SeversonJeremy Lauzon1221611%6:00
Power Play Forward
Line #Left WingCenterRight WingPHYDFOFWanted %Time %Time Play
1Jack McBainBrock KnuckledunkerMitchell Marner1225562%2:41
2Lawson CrouseRobert ThomasLucas Raymond1224538%1:40
Power Play Defense
Line #DefenseDefensePHYDFOFWanted %Time %Time Play
1Jeremy LauzonJacob Middleton1225564%2:46
2John MarinoCam Fowler1224536%1:35
Penalty Kill 4 Players Forward
Line #CenterWingPHYDFOFWanted %Time %Time Play
1Mitchell MarnerBrock Knuckledunker12255100%0:31
2Robert ThomasJack McBain122450%0:00
Penalty Kill 4 Players Defense
Line #DefenseDefensePHYDFOFWanted %Time %Time Play
1Jeremy LauzonJacob Middleton1225555%0:17
2John MarinoCam Fowler1224545%0:14
Penalty Kill 3 Players
Line #WingPHYDFOFWanted %Time %Time PlayDefenseDefensePHYDFOFWanted %Time %Time Play
1Mitchell Marner122550%0:00 Jeremy LauzonJacob Middleton122550%0:00
2Brock Knuckledunker122450%0:00 John MarinoCam Fowler122450%0:00
4 vs 4 Forward
Line #CenterWingPHYDFOFWanted %Time %Time Play
1Mitchell MarnerBrock Knuckledunker122550%0:00
2Robert ThomasJack McBain122450%0:00
4 vs 4 Defense
Line #DefensePHYDFOFWanted %Time %Time Play
1Jeremy LauzonJacob Middleton122550%0:00
2John MarinoCam Fowler122450%0:00
Last Minutes Offensive
Left WingCenterRight WingDefenseDefense
Jack McBainBrock KnuckledunkerMitchell MarnerJeremy LauzonJacob Middleton
Last Minutes Defensive
Left WingCenterRight WingDefenseDefense
Jack McBainBrock KnuckledunkerMitchell MarnerJeremy LauzonJacob Middleton
Time
Total ForwardTotal DefenseLast Minutes OffensiveLast Minutes Defensive
60:00 60:00 0:000:00
Extra Forwards
Normal PowerPlayPenalty Kill
Lukas Reichel, Nicolas Roy, Ilya MikheyevLukas Reichel, Nicolas RoyIlya Mikheyev
Extra Defensemen
Normal PowerPlayPenalty Kill
Jake Walman, Timothy Liljegren, Damon SeversonJake Walman, Timothy LiljegrenDamon Severson
Penalty Shots
Mitchell Marner, Brock Knuckledunker, Robert Thomas, Jack McBain, Lucas Raymond
Goalie
Logan Thompson, Adin Hill
Custom OT Lines Forwards
Mitchell Marner, Brock Knuckledunker, Robert Thomas, Jack McBain, Lucas Raymond, Lawson Crouse, Lukas Reichel, Nicolas Roy, Ilya Mikheyev, Jeff Carter
Custom OT Lines Defensemen
Jeremy Lauzon, Jacob Middleton, John Marino, Cam Fowler, Jake Walman
Scratches
Jordan Greenway (Healthy), Radek Faksa (Healthy)

Fletushkas

5 vs 5 Forward
Line #Left WingCenterRight WingPHYDFOFWanted %Time %Time Play
1Owen TippettAuston MatthewsTyler Bertuzzi1223027%14:46
2Noel AcciariHarry PolsmokrPatrick Kane1222831%16:49
3Valeri NichushkinBrock NelsonNino Niederreiter1222630%16:18
4Joel FarabeeJordan StaalTyler Bertuzzi1221613%7:15
5 vs 5 Defense
Line #DefenseDefensePHYDFOFWanted %Time %Time Play
1K'Andre MillerAdam Pelech1223026%14:06
2Brent BurnsBrett Pesce1222832%17:43
3Mattias SamuelssonZachary Werenski1222631%16:59
4Braden SchneiderK'Andre Miller1221611%6:20
Power Play Forward
Line #Left WingCenterRight WingPHYDFOFWanted %Time %Time Play
1Valeri NichushkinAuston MatthewsHarry Polsmokr12255100%0:31
2Owen TippettBrock NelsonPatrick Kane122450%0:00
Power Play Defense
Line #DefenseDefensePHYDFOFWanted %Time %Time Play
1Brent BurnsZachary Werenski122550%0:00
2Brett PesceK'Andre Miller12245100%0:31
Penalty Kill 4 Players Forward
Line #CenterWingPHYDFOFWanted %Time %Time Play
1Jordan StaalNoel Acciari1315555%2:24
2Harry PolsmokrValeri Nichushkin1314545%1:57
Penalty Kill 4 Players Defense
Line #DefenseDefensePHYDFOFWanted %Time %Time Play
1Adam PelechMattias Samuelsson1315558%2:32
2Brett PesceK'Andre Miller1314542%1:49
Penalty Kill 3 Players
Line #WingPHYDFOFWanted %Time %Time PlayDefenseDefensePHYDFOFWanted %Time %Time Play
1Jordan Staal131550%0:00 K'Andre MillerMattias Samuelsson131550%0:00
2Noel Acciari131450%0:00 Adam PelechBrett Pesce131450%0:00
4 vs 4 Forward
Line #CenterWingPHYDFOFWanted %Time %Time Play
1Auston MatthewsHarry Polsmokr122550%0:00
2Brock NelsonValeri Nichushkin122450%0:00
4 vs 4 Defense
Line #DefensePHYDFOFWanted %Time %Time Play
1K'Andre MillerBrett Pesce122550%0:00
2Brent BurnsAdam Pelech122450%0:00
Last Minutes Offensive
Left WingCenterRight WingDefenseDefense
Owen TippettAuston MatthewsValeri NichushkinK'Andre MillerBrent Burns
Last Minutes Defensive
Left WingCenterRight WingDefenseDefense
Noel AcciariJordan StaalHarry PolsmokrMattias SamuelssonAdam Pelech
Time
Total ForwardTotal DefenseLast Minutes OffensiveLast Minutes Defensive
60:00 60:00 0:000:00
Extra Forwards
Normal PowerPlayPenalty Kill
Joel Farabee, Noel Acciari, Jordan StaalTyler Bertuzzi, Nino NiederreiterTyler Bertuzzi
Extra Defensemen
Normal PowerPlayPenalty Kill
Braden Schneider, Brett Pesce, Adam PelechBrett Pesce, Braden SchneiderK'Andre Miller
Penalty Shots
Valeri Nichushkin, K'Andre Miller, Brett Pesce, Patrick Kane, Owen Tippett
Goalie
Sergei Bobrovsky, John Gibson
Custom OT Lines Forwards
Auston Matthews, Harry Polsmokr, Valeri Nichushkin, Brock Nelson, Owen Tippett, Patrick Kane, Nino Niederreiter, Tyler Bertuzzi, Joel Farabee, Jordan Staal
Custom OT Lines Defensemen
Brent Burns, K'Andre Miller, Brett Pesce, Adam Pelech, Zachary Werenski
Scratches
Kevin Shattenkirk (Right Knee Injury), Cam York (Healthy), Marco Rossi (Healthy), Mackenzie Blackwood (Healthy)


Play-by-Play

1st period


0:01 of 1st period - Auston Matthews wins face-off versus Brock Knuckledunker in neutral zone.
0:10 of 1st period - Shot by Tyler Bertuzzi.
0:10 of 1st period - Shot Blocked by Jeremy Lauzon.
0:16 of 1st period - Shot by Owen Tippett.
0:16 of 1st period - Shot Blocked by Jack McBain.
0:19 of 1st period - Icing by Jeremy Lauzon.
0:20 of 1st period - Noel Acciari wins face-off versus Brock Knuckledunker in Warheads zone.
2:17 of 1st period - Icing by K'Andre Miller.
2:18 of 1st period - Jordan Staal wins face-off versus Lukas Reichel in Fletushkas zone.
2:18 of 1st period - Jordan Staal is hit by Nicolas Roy.
4:09 of 1st period - Shot by Lucas Raymond.
4:09 of 1st period - Shot Misses the Net.
4:41 of 1st period - Shot by Lukas Reichel.
4:41 of 1st period - Shot Misses the Net.
4:47 of 1st period - Shot by Ilya Mikheyev.
4:47 of 1st period - Shot Misses the Net.
4:49 of 1st period - Shot by Jake Walman.
4:49 of 1st period - Shot Misses the Net.
5:46 of 1st period - Shot by Mitchell Marner.
5:46 of 1st period - Stopped by Sergei Bobrovsky without a rebound.
5:47 of 1st period - Robert Thomas wins face-off versus Harry Polsmokr in Fletushkas zone.
5:47 of 1st period - Robert Thomas is hit by Brent Burns.
6:07 of 1st period - Shot by Robert Thomas.
6:07 of 1st period - Deflect By Lawson Crouse.
6:07 of 1st period - Stopped by Sergei Bobrovsky with a rebound.
7:05 of 1st period - Icing by K'Andre Miller.
7:06 of 1st period - Nicolas Roy wins face-off versus Auston Matthews in Fletushkas zone.
7:13 of 1st period - Adam Pelech is hit by Nicolas Roy and loses puck.
7:36 of 1st period - Shot by Nicolas Roy.
7:36 of 1st period - Stopped by Sergei Bobrovsky without a rebound.
7:37 of 1st period - Brock Nelson wins face-off versus Robert Thomas in Fletushkas zone.
8:51 of 1st period - Minor Penalty to Mattias Samuelsson for Interference.
8:52 of 1st period - Jordan Staal wins face-off versus Brock Knuckledunker in Fletushkas zone.
11:14 of 1st period - Shot by Andrew Copp.
11:14 of 1st period - Stopped by Sergei Bobrovsky without a rebound.
11:15 of 1st period - Harry Polsmokr wins face-off versus Robert Thomas in Fletushkas zone.
11:26 of 1st period - Shot by Patrick Kane.
11:26 of 1st period - Shot Misses the Net.
11:28 of 1st period - Shot by Noel Acciari.
11:28 of 1st period - Shot Blocked by Cam Fowler.
11:32 of 1st period - Shot by Patrick Kane.
11:32 of 1st period - Shot Misses the Net.
11:34 of 1st period - Shot by Braden Schneider.
11:34 of 1st period - Shot Blocked by John Marino.
11:36 of 1st period - Shot by Harry Polsmokr.
11:36 of 1st period - Stopped by Logan Thompson with a rebound.
11:38 of 1st period - Shot by Harry Polsmokr.
11:38 of 1st period - Deflect By Patrick Kane.
11:38 of 1st period - Shot Misses the Net.
12:40 of 1st period - Shot by Nicolas Roy.
12:40 of 1st period - Stopped by Sergei Bobrovsky without a rebound.
12:41 of 1st period - Jeff Carter wins face-off versus Brock Nelson in Fletushkas zone.
13:50 of 1st period - Shot by Nicolas Roy.
13:50 of 1st period - Shot Blocked by Adam Pelech.
13:56 of 1st period - Shot by Nicolas Roy.
13:56 of 1st period - Stopped by Sergei Bobrovsky without a rebound.
13:57 of 1st period - Brock Knuckledunker wins face-off versus Jordan Staal in Fletushkas zone.
13:59 of 1st period - Jack McBain is hit by Mattias Samuelsson and loses puck.
14:31 of 1st period - Shot by Mitchell Marner.
14:31 of 1st period - Shot Misses the Net.
15:34 of 1st period - Shot by Nicolas Roy.
15:34 of 1st period - Shot Blocked by Adam Pelech.
15:36 of 1st period - Shot by Jake Walman.
15:36 of 1st period - Deflect By Nicolas Roy.
15:36 of 1st period - Stopped by Sergei Bobrovsky with a rebound.
15:38 of 1st period - Shot by Jake Walman.
15:38 of 1st period - Stopped by Sergei Bobrovsky without a rebound.
15:39 of 1st period - Brock Nelson wins face-off versus Jeff Carter in Fletushkas zone.
15:53 of 1st period - Shot by Mitchell Marner.
15:53 of 1st period - Shot Hit the Post.
15:55 of 1st period - Shot by Andrew Copp.
15:55 of 1st period - Deflect By Mitchell Marner.
15:55 of 1st period - Shot Blocked by Adam Pelech.
16:12 of 1st period - Shot by Cam Fowler.
16:12 of 1st period - Shot Blocked by Adam Pelech.
16:22 of 1st period - Shot by Ilya Mikheyev.
16:22 of 1st period - Stopped by Sergei Bobrovsky without a rebound.
16:23 of 1st period - Nicolas Roy wins face-off versus Patrick Kane in Fletushkas zone.
16:30 of 1st period - Shot by Lukas Reichel.
16:30 of 1st period - Stopped by Sergei Bobrovsky with a rebound.
16:33 of 1st period - Icing by Brett Pesce.
16:34 of 1st period - Robert Thomas wins face-off versus Harry Polsmokr in Fletushkas zone.
17:41 of 1st period - Shot by Brock Nelson.
17:41 of 1st period - Shot Misses the Net.
17:43 of 1st period - Shot by Valeri Nichushkin.
17:43 of 1st period - Stopped by Logan Thompson without a rebound.
17:44 of 1st period - Brock Knuckledunker wins face-off versus Auston Matthews in Warheads zone.
17:44 of 1st period - Brock Knuckledunker is hit by Owen Tippett.
18:33 of 1st period - Adam Pelech is hit by Brock Knuckledunker and loses puck.
19:06 of 1st period - Shot by Nicolas Roy.
19:06 of 1st period - Stopped by Sergei Bobrovsky without a rebound.
19:07 of 1st period - Harry Polsmokr wins face-off versus Robert Thomas in Fletushkas zone.
19:31 of 1st period - Icing by Harry Polsmokr.
19:32 of 1st period - Harry Polsmokr wins face-off versus Nicolas Roy in Fletushkas zone.
19:36 of 1st period - Off-side.
19:37 of 1st period - Mitchell Marner wins face-off versus Auston Matthews in neutral zone.
19:42 of 1st period - Owen Tippett is hit by Jeff Carter and loses puck.
19:51 of 1st period - Shot by Auston Matthews.
19:51 of 1st period - Stopped by Logan Thompson with a rebound.
19:53 of 1st period - Shot by Auston Matthews.
19:53 of 1st period - Shot Misses the Net.
19:55 of 1st period - Shot by Adam Pelech.
19:55 of 1st period - Stopped by Logan Thompson with a rebound.
Goals for this period are 0 for Warheads vs 0 for Fletushkas.
Shots for this period are 11 for Warheads vs 4 for Fletushkas.

2nd period


0:01 of 2nd period - Brock Knuckledunker wins face-off versus Auston Matthews in neutral zone.
0:12 of 2nd period - Shot by Jack McBain.
0:12 of 2nd period - Deflect By Mitchell Marner.
0:12 of 2nd period - Stopped by Sergei Bobrovsky with a rebound.
0:14 of 2nd period - Shot by Jack McBain.
0:14 of 2nd period - Stopped by Sergei Bobrovsky without a rebound.
0:15 of 2nd period - Nicolas Roy wins face-off versus Harry Polsmokr in Fletushkas zone.
0:43 of 2nd period - Shot by Brent Burns.
0:43 of 2nd period - Stopped by Logan Thompson without a rebound.
0:44 of 2nd period - Auston Matthews wins face-off versus Jack McBain in Warheads zone.
0:44 of 2nd period - K'Andre Miller is hit by Jacob Middleton and loses puck.
0:55 of 2nd period - Shot by Mitchell Marner.
0:55 of 2nd period - Deflect By Brock Knuckledunker.
0:55 of 2nd period - Stopped by Sergei Bobrovsky without a rebound.
0:56 of 2nd period - Robert Thomas wins face-off versus Brock Nelson in Fletushkas zone.
1:07 of 2nd period - Shot by Nino Niederreiter.
1:07 of 2nd period - Stopped by Logan Thompson without a rebound.
1:08 of 2nd period - Auston Matthews wins face-off versus Brock Knuckledunker in Warheads zone.
1:45 of 2nd period - Shot by Brock Knuckledunker.
1:45 of 2nd period - Stopped by Sergei Bobrovsky without a rebound.
1:46 of 2nd period - Harry Polsmokr wins face-off versus Nicolas Roy in Fletushkas zone.
2:04 of 2nd period - Shot by Nicolas Roy.
2:04 of 2nd period - Shot Misses the Net.
3:32 of 2nd period - Shot by Brock Knuckledunker.
3:32 of 2nd period - Shot Misses the Net.
3:34 of 2nd period - Shot by Brock Knuckledunker.
3:34 of 2nd period - Stopped by Sergei Bobrovsky without a rebound.
3:35 of 2nd period - Auston Matthews wins face-off versus Robert Thomas in Fletushkas zone.
3:45 of 2nd period - Icing by Robert Thomas.
3:46 of 2nd period - Robert Thomas wins face-off versus Jordan Staal in Warheads zone.
4:17 of 2nd period - K'Andre Miller is hit by Lucas Raymond.
5:04 of 2nd period - Shot by Mitchell Marner.
5:04 of 2nd period - Stopped by Sergei Bobrovsky without a rebound.
5:05 of 2nd period - Valeri Nichushkin wins face-off versus Jeff Carter in Fletushkas zone.
5:05 of 2nd period - Valeri Nichushkin is hit by Mitchell Marner.
5:17 of 2nd period - Shot by Brock Nelson.
5:17 of 2nd period - Goal by Brock Nelson - Warheads : 0 - Fletushkas : 1.
5:18 of 2nd period - Nicolas Roy wins face-off versus Auston Matthews in neutral zone.
5:21 of 2nd period - Shot by Damon Severson.
5:21 of 2nd period - Shot Misses the Net.
5:23 of 2nd period - Shot by Lukas Reichel.
5:23 of 2nd period - Goal by Lukas Reichel - Warheads : 1 - Fletushkas : 1.
5:24 of 2nd period - Nicolas Roy wins face-off versus Brock Nelson in neutral zone.
5:34 of 2nd period - Shot by Nicolas Roy.
5:34 of 2nd period - Stopped by Sergei Bobrovsky with a rebound.
5:58 of 2nd period - Shot by Ilya Mikheyev.
5:58 of 2nd period - Stopped by Sergei Bobrovsky without a rebound.
5:59 of 2nd period - Brock Knuckledunker wins face-off versus Auston Matthews in Fletushkas zone.
6:14 of 2nd period - Shot by Owen Tippett.
6:14 of 2nd period - Deflect By Auston Matthews.
6:14 of 2nd period - Shot Misses the Net.
6:29 of 2nd period - Shot by Auston Matthews.
6:29 of 2nd period - Stopped by Logan Thompson with a rebound.
6:31 of 2nd period - Shot by Brent Burns.
6:31 of 2nd period - Shot Blocked by Jack McBain.
7:30 of 2nd period - Shot by Lucas Raymond.
7:30 of 2nd period - Stopped by Sergei Bobrovsky without a rebound.
7:31 of 2nd period - Nicolas Roy wins face-off versus Brock Nelson in Fletushkas zone.
9:03 of 2nd period - Timothy Liljegren is hit by Noel Acciari and loses puck.
9:39 of 2nd period - Icing by Adam Pelech.
9:40 of 2nd period - Harry Polsmokr wins face-off versus Robert Thomas in Fletushkas zone.
10:40 of 2nd period - Shot by Valeri Nichushkin.
10:40 of 2nd period - Stopped by Logan Thompson without a rebound.
10:41 of 2nd period - Brock Nelson wins face-off versus Ilya Mikheyev in Warheads zone.
10:44 of 2nd period - Shot by Nino Niederreiter.
10:44 of 2nd period - Stopped by Logan Thompson without a rebound.
10:45 of 2nd period - Nicolas Roy wins face-off versus Brock Nelson in Warheads zone.
12:12 of 2nd period - Shot by Tyler Bertuzzi.
12:12 of 2nd period - Stopped by Logan Thompson without a rebound.
12:13 of 2nd period - Harry Polsmokr wins face-off versus Robert Thomas in Warheads zone.
12:19 of 2nd period - Patrick Kane is hit by Cam Fowler and loses puck.
12:40 of 2nd period - Shot by Patrick Kane.
12:40 of 2nd period - Stopped by Logan Thompson without a rebound.
12:41 of 2nd period - Jeff Carter wins face-off versus Auston Matthews in Warheads zone.
12:41 of 2nd period - Jeff Carter is hit by Owen Tippett.
12:53 of 2nd period - Icing by Adam Pelech.
12:54 of 2nd period - Nicolas Roy wins face-off versus Auston Matthews in Fletushkas zone.
13:08 of 2nd period - Icing by Adam Pelech.
13:09 of 2nd period - Brock Knuckledunker wins face-off versus Auston Matthews in Fletushkas zone.
13:09 of 2nd period - Brock Knuckledunker is hit by K'Andre Miller.
13:25 of 2nd period - Shot by Auston Matthews.
13:25 of 2nd period - Shot Misses the Net.
13:27 of 2nd period - Shot by Adam Pelech.
13:27 of 2nd period - Shot Misses the Net.
13:29 of 2nd period - Shot by K'Andre Miller.
13:29 of 2nd period - Shot Blocked by Jacob Middleton.
14:01 of 2nd period - Off-side.
14:02 of 2nd period - Nicolas Roy wins face-off versus Patrick Kane in neutral zone.
14:38 of 2nd period - Icing by Harry Polsmokr.
14:39 of 2nd period - Lawson Crouse wins face-off versus Harry Polsmokr in Fletushkas zone.
14:39 of 2nd period - Robert Thomas is hit by Brent Burns and loses puck.
15:17 of 2nd period - Robert Thomas is hit by Valeri Nichushkin and loses puck.
15:27 of 2nd period - Icing by Mattias Samuelsson.
15:28 of 2nd period - Brock Nelson wins face-off versus Brock Knuckledunker in Fletushkas zone.
15:28 of 2nd period - Zachary Werenski is hit by Brock Knuckledunker and loses puck.
15:57 of 2nd period - Shot by Jack McBain.
15:57 of 2nd period - Deflect By Mitchell Marner.
15:57 of 2nd period - Shot Misses the Net.
15:59 of 2nd period - Shot by Jack McBain.
15:59 of 2nd period - Stopped by Sergei Bobrovsky without a rebound.
16:00 of 2nd period - Nicolas Roy wins face-off versus Tyler Bertuzzi in Fletushkas zone.
16:04 of 2nd period - Minor Penalty to Lukas Reichel for Boarding.
16:05 of 2nd period - Auston Matthews wins face-off versus Mitchell Marner in Warheads zone.
16:26 of 2nd period - Mitchell Marner is hit by Harry Polsmokr and loses puck.
16:33 of 2nd period - Shot by Valeri Nichushkin.
16:33 of 2nd period - Shot Misses the Net.
16:35 of 2nd period - Shot by Valeri Nichushkin.
16:35 of 2nd period - Goal by Valeri Nichushkin - Warheads : 1 - Fletushkas : 2.
16:36 of 2nd period - Jordan Staal wins face-off versus Robert Thomas in neutral zone.
16:39 of 2nd period - Shot by Joel Farabee.
16:39 of 2nd period - Shot Misses the Net.
16:44 of 2nd period - Robert Thomas is hit by Joel Farabee.
17:01 of 2nd period - Robert Thomas is hit by Mattias Samuelsson and loses puck.
17:33 of 2nd period - Nicolas Roy is hit by Mattias Samuelsson and loses puck.
17:57 of 2nd period - Shot by Lukas Reichel.
17:57 of 2nd period - Stopped by Sergei Bobrovsky without a rebound.
17:57 of 2nd period - Minor Penalty to Sergei Bobrovsky for Slashing.
17:58 of 2nd period - Harry Polsmokr wins face-off versus Mitchell Marner in Fletushkas zone.
18:26 of 2nd period - Shot by Mitchell Marner.
18:26 of 2nd period - Shot Misses the Net.
18:28 of 2nd period - Shot by Brock Knuckledunker.
18:28 of 2nd period - Stopped by Sergei Bobrovsky with a rebound.
19:35 of 2nd period - Shot by Robert Thomas.
19:35 of 2nd period - Stopped by Sergei Bobrovsky without a rebound.
19:36 of 2nd period - Brock Knuckledunker wins face-off versus Harry Polsmokr in Fletushkas zone.
19:59 of 2nd period - Shot by Auston Matthews.
19:59 of 2nd period - Shot Misses the Net.
Goals for this period are 1 for Warheads vs 2 for Fletushkas.
Shots for this period are 14 for Warheads vs 9 for Fletushkas.

3rd period


0:01 of 3rd period - Jack McBain wins face-off versus Auston Matthews in neutral zone.
0:32 of 3rd period - Braden Schneider is hit by Jack McBain and loses puck.
1:28 of 3rd period - Shot by Lawson Crouse.
1:28 of 3rd period - Shot Misses the Net.
1:30 of 3rd period - Shot by Robert Thomas.
1:30 of 3rd period - Shot Blocked by Brent Burns.
1:32 of 3rd period - Shot by Timothy Liljegren.
1:32 of 3rd period - Shot Misses the Net.
1:38 of 3rd period - Shot by Lawson Crouse.
1:38 of 3rd period - Stopped by Sergei Bobrovsky without a rebound.
1:39 of 3rd period - Brock Nelson wins face-off versus Nicolas Roy in Fletushkas zone.
2:12 of 3rd period - Shot by Brock Nelson.
2:12 of 3rd period - Shot Misses the Net.
2:49 of 3rd period - Icing by Valeri Nichushkin.
2:50 of 3rd period - Jeff Carter wins face-off versus Valeri Nichushkin in Fletushkas zone.
3:11 of 3rd period - Shot by Andrew Copp.
3:11 of 3rd period - Shot Misses the Net.
3:28 of 3rd period - Brock Nelson is hit by Jeremy Lauzon and loses puck.
4:17 of 3rd period - Icing by Robert Thomas.
4:18 of 3rd period - Robert Thomas wins face-off versus Harry Polsmokr in Warheads zone.
5:08 of 3rd period - Cam Fowler is hit by Noel Acciari and loses puck.
5:24 of 3rd period - Icing by Brett Pesce.
5:25 of 3rd period - Brock Knuckledunker wins face-off versus Harry Polsmokr in Fletushkas zone.
5:30 of 3rd period - Shot by Mitchell Marner.
5:30 of 3rd period - Shot Blocked by Brett Pesce.
7:34 of 3rd period - Shot by Brock Nelson.
7:34 of 3rd period - Deflect By Valeri Nichushkin.
7:34 of 3rd period - Shot Misses the Net.
7:42 of 3rd period - Shot by Brock Nelson.
7:42 of 3rd period - Shot Blocked by John Marino.
7:44 of 3rd period - Shot by Nino Niederreiter.
7:44 of 3rd period - Shot Misses the Net.
9:16 of 3rd period - Shot by Auston Matthews.
9:16 of 3rd period - Stopped by Logan Thompson without a rebound.
9:17 of 3rd period - Robert Thomas wins face-off versus Brock Nelson in Warheads zone.
9:46 of 3rd period - Shot by Robert Thomas.
9:46 of 3rd period - Shot Misses the Net.
9:48 of 3rd period - Shot by Jake Walman.
9:48 of 3rd period - Deflect By Robert Thomas.
9:48 of 3rd period - Stopped by Sergei Bobrovsky without a rebound.
9:49 of 3rd period - Harry Polsmokr wins face-off versus Jeff Carter in Fletushkas zone.
9:54 of 3rd period - Shot by Noel Acciari.
9:54 of 3rd period - Stopped by Logan Thompson without a rebound.
9:55 of 3rd period - Jeff Carter wins face-off versus Harry Polsmokr in Warheads zone.
11:04 of 3rd period - Lucas Raymond is hit by Noel Acciari and loses puck.
11:15 of 3rd period - Shot by Jake Walman.
11:15 of 3rd period - Stopped by Sergei Bobrovsky without a rebound.
11:16 of 3rd period - Auston Matthews wins face-off versus Nicolas Roy in Fletushkas zone.
11:16 of 3rd period - Auston Matthews is hit by Nicolas Roy.
11:26 of 3rd period - Shot by Tyler Bertuzzi.
11:26 of 3rd period - Shot Misses the Net.
11:34 of 3rd period - Shot by Tyler Bertuzzi.
11:34 of 3rd period - Stopped by Logan Thompson with a rebound.
11:36 of 3rd period - Shot by K'Andre Miller.
11:36 of 3rd period - Goal by K'Andre Miller - Warheads : 1 - Fletushkas : 3.
11:37 of 3rd period - Nino Niederreiter wins face-off versus Brock Knuckledunker in neutral zone.
11:44 of 3rd period - Shot by Brock Nelson.
11:44 of 3rd period - Stopped by Logan Thompson with a rebound.
11:46 of 3rd period - Shot by Brock Nelson.
11:46 of 3rd period - Stopped by Logan Thompson without a rebound.
11:47 of 3rd period - Robert Thomas wins face-off versus Auston Matthews in Warheads zone.
11:47 of 3rd period - Robert Thomas is hit by Auston Matthews.
11:50 of 3rd period - Cam Fowler is hit by Owen Tippett and loses puck.
12:04 of 3rd period - Shot by Robert Thomas.
12:04 of 3rd period - Shot Misses the Net.
12:06 of 3rd period - Shot by Lawson Crouse.
12:06 of 3rd period - Stopped by Sergei Bobrovsky with a rebound.
12:08 of 3rd period - Shot by Cam Fowler.
12:08 of 3rd period - Shot Blocked by K'Andre Miller.
12:10 of 3rd period - Shot by John Marino.
12:10 of 3rd period - Stopped by Sergei Bobrovsky with a rebound.
12:12 of 3rd period - Shot by John Marino.
12:12 of 3rd period - Shot Hit the Post.
12:14 of 3rd period - Shot by John Marino.
12:14 of 3rd period - Stopped by Sergei Bobrovsky without a rebound.
12:15 of 3rd period - Brock Knuckledunker wins face-off versus Brock Nelson in Fletushkas zone.
12:30 of 3rd period - Shot by Brock Nelson.
12:30 of 3rd period - Shot Blocked by Brock Knuckledunker.
12:33 of 3rd period - Icing by Jacob Middleton.
12:34 of 3rd period - Jordan Staal wins face-off versus Mitchell Marner in Warheads zone.
12:47 of 3rd period - Jordan Staal is hit by Jack McBain.
13:59 of 3rd period - Shot by Nicolas Roy.
13:59 of 3rd period - Stopped by Sergei Bobrovsky without a rebound.
14:00 of 3rd period - Nino Niederreiter wins face-off versus Lucas Raymond in Fletushkas zone.
14:00 of 3rd period - Valeri Nichushkin is hit by Lawson Crouse and loses puck.
14:16 of 3rd period - Shot by Brock Nelson.
14:16 of 3rd period - Deflect By Valeri Nichushkin.
14:16 of 3rd period - Goal by Valeri Nichushkin - Warheads : 1 - Fletushkas : 4.
14:17 of 3rd period - Jeff Carter wins face-off versus Owen Tippett in neutral zone.
14:17 of 3rd period - Jeff Carter is hit by Auston Matthews.
14:21 of 3rd period - Shot by Mitchell Marner.
14:21 of 3rd period - Stopped by Sergei Bobrovsky with a rebound.
14:31 of 3rd period - Shot by Andrew Copp.
14:31 of 3rd period - Shot Misses the Net.
14:40 of 3rd period - Auston Matthews is hit by John Marino.
15:36 of 3rd period - Shot by Lawson Crouse.
15:36 of 3rd period - Stopped by Sergei Bobrovsky with a rebound.
16:06 of 3rd period - Shot by Mattias Samuelsson.
16:06 of 3rd period - Shot Misses the Net.
16:08 of 3rd period - Shot by Valeri Nichushkin.
16:08 of 3rd period - Stopped by Logan Thompson without a rebound.
16:09 of 3rd period - Brock Knuckledunker wins face-off versus Brock Nelson in Warheads zone.
17:12 of 3rd period - Auston Matthews is hit by Jeremy Lauzon and loses puck.
17:15 of 3rd period - Shot by Auston Matthews.
17:15 of 3rd period - Stopped by Logan Thompson without a rebound.
17:16 of 3rd period - Robert Thomas wins face-off versus Harry Polsmokr in Warheads zone.
18:26 of 3rd period - Lukas Reichel is hit by Auston Matthews and loses puck.
18:51 of 3rd period - Shot by Nicolas Roy.
18:51 of 3rd period - Shot Misses the Net.
18:53 of 3rd period - Shot by Jacob Middleton.
18:53 of 3rd period - Shot Misses the Net.
18:55 of 3rd period - Shot by Ilya Mikheyev.
18:55 of 3rd period - Shot Misses the Net.
18:57 of 3rd period - Shot by Nicolas Roy.
18:57 of 3rd period - Stopped by Sergei Bobrovsky with a rebound.
19:08 of 3rd period - K'Andre Miller is hit by John Marino and loses puck.
19:21 of 3rd period - Shot by Mitchell Marner.
19:21 of 3rd period - Shot Blocked by K'Andre Miller.
19:36 of 3rd period - Minor Penalty to K'Andre Miller for Holding.
19:37 of 3rd period - Jordan Staal wins face-off versus Robert Thomas in Fletushkas zone.
19:59 of 3rd period - Icing by Robert Thomas.
Goals for this period are 0 for Warheads vs 2 for Fletushkas.
Shots for this period are 10 for Warheads vs 9 for Fletushkas.